 Dungeon Crawl Stone Soup version 0.24.1-14-gf8d2b509d9 (webtiles) character file.

Game seed: 11023387013665749028, levelgen mode: deterministic

62 Peloso the Shield-Bearer (level 3, 26/26 HPs)
             Began as a Vampire Fighter on May 26, 2020.
             Safely got out of the dungeon.
             The game lasted 00:04:40 (918 turns).

Peloso the Shield-Bearer (Vampire Fighter)           Turns: 918, Time: 00:04:41

Health: 26/26      AC:  6    Str: 16    XL:     3   Next: 85%
Magic:  3/3        EV:  7    Int: 12    God:
Gold:   64         SH:  9    Dex: 13    Spells: 2/2 levels left

rFire    . . .     SeeInvis +   a - +0 long sword
rCold    . . .     Gourm    .   c - +0 shield
rNeg     . . .     Faith    .   b - +0 scale mail
rPois    .         Spirit   .   (no helmet)
rElec    .         Reflect  .   (no cloak)
rCorr    .         Harm     .   (no gloves)
MR       .....                  (no boots)
Stlth    ..........             (no amulet)
HPRegen  0.28/turn              (no ring)
MPRegen  0.08/turn              (no ring)

@: regenerating quickly
A: no food, fangs 3, talons 1, see invisible, clever 1, [frail 1], unbreathing
a: Exsanguinate


You escaped.
You were alive.

You visited 1 branch of the dungeon, and saw 2 of its levels.

You collected 64 gold pieces.

Inventory:

Hand Weapons
 a - a +0 long sword (weapon)
Armour
 b - a +0 scale mail (worn)
 c - a +0 shield (worn)
Scrolls
 e - 2 scrolls of identify {unknown}
 f - a scroll of immolation {unknown}
 g - 2 scrolls of remove curse {unknown}
 h - 3 scrolls of random uselessness {unknown}
 i - a scroll of teleportation {unknown}
Potions
 d - 2 potions of might
 j - a potion of agility {unknown}


   Skills:
 + Level 3.1 Fighting
 + Level 2.7 Long Blades
 + Level 2.7 Armour
 + Level 0.6 Dodging
 + Level 0.4 Stealth
 + Level 3.2 Shields


You had 2 spell levels left.
You didn't know any spells.
Your spell library was empty.

Dungeon Overview and Level Annotations

Branches:
Dungeon (2/15)

Altars:


Innate Abilities, Weirdness & Mutations

You do not eat.
Your natural rate of healing is unusually fast.
You have razor-sharp teeth.
You have supernaturally acute eyesight. (SInv)
You can survive without breathing.
You have sharp toenails.
Your mind is acute. (Int +2)
[You are frail. (-10% HP)]


Message History

You see here a frilled lizard corpse.
(D) Dungeon
Where to? (? - help)
What level of the Dungeon? (default 1, ? - help) HP restored.
A hobgoblin comes into view. It is wielding a +0 club.
The hobgoblin shouts!
An adder comes into view.
Found a scroll labeled HUTEEGG KEIQ.
The adder hisses angrily.
Unknown command.
There is a stone staircase leading up here.
You climb upwards.
There is a stone staircase leading down here.
(D) Dungeon
Where to? (Enter - D:1 @ (x,y), ? - help)
What level of the Dungeon? (default 1, ? - help)
There is a staircase leading out of the dungeon here.
Are you sure you want to leave the Dungeon?
This will make you lose the game!
You have escaped!

####....########..#######.##.###.
.....##.#..##.###.#...#.#.##..(..
####.##.##.#..#...#.#...#.#######
#....#..#.##.###.#####........ #
####.#.##.#....#....##.######.
#######.#......#..#.##..#......#.
........########..#..####........
.######....#...#.###...#.....####
.# #..#.#....@....#[#...#÷.... ##
#.##...###.#...#........###
#.####..#(.########...#.#
#†#..##.#..#......#.#.#.#
#.##....#....#.##.#....)###
#.#####.###.##.#..#........
#.#...#.#...#..#.##.....###
#.#.#...#.###.##..#.....# #
#.#######..########.....# #


There were no monsters in sight!

Vanquished Creatures
  2 adders (D:2)
  An ooze (D:1)
  2 dart slugs (D:1)
  3 leopard geckos
  A giant cockroach (D:1)
  5 goblins (D:1)
  4 hobgoblins (D:1)
  2 jackals (D:1)
  6 bats (D:1)
  2 frilled lizards
  2 kobolds
  2 rats (D:1)
32 creatures vanquished.

Notes
Turn   | Place    | Note
-------+----------+-------------------------------------------
     0 | D:1      | Peloso the Vampire Fighter began the quest for the Orb.
     0 | D:1      | Reached XP level 1. HP: 17/17 MP: 1/1
    61 | D:1      | Reached XP level 2. HP: 7/23 MP: 2/2
   402 | D:1      | Reached XP level 3. HP: 26/26 MP: 3/3
   725 | D:1      | Gained mutation: Your mind is acute. (Int +2) [potion of
                  | mutation]
   725 | D:1      | Gained mutation: You have sharp toenails. [potion of
                  | mutation]
   918 | D:$      | Safely got out of the dungeon.

Levels and vault maps discovered:
D:1:      psy_arrival_radial01, layout_basic, supply_closet_lemuel
D:2:      layout_loops_ring, roderic_serpentine_path, minmay_tromino_v4_c

Skill      XL: |  1  2 |
---------------+-------+-----
Shields        | 3 |  3.2
Fighting       | 3 |  3.1
Long Blades    | |  2.7
Armour         | |  2.7
Dodging        | |  0.6
Stealth        | |  0.4

Action                   || total
-------------------------++-------
Melee: Long sword        ||    86
       Bite              ||     9
       Kick              ||     3
 Abil: Revivify          ||     2
       Exsanguinate      ||     1
  Use: Potion            ||     3
 Stab: Sleeping          ||     1
Armor: Scale mail        ||    59
Dodge: Dodged            ||    47
Block: Shield            ||    73
       Rpst.: Long sword ||    19
